AoeStats
← ercoba92

Oasis

510151774Analyzed
2v2 RM · 3d ago on Sep 29, 2026· 35m 29s· 4 players
Game mode
Random Map
Map size
Medium (4 player)
Population
200
Speed
Normal
Resources
Standard
Victory
Conquest
Starting age
Dark Age
Ending age
Imperial Age
RankedLock teamsTeams togetherTeam positionsShared explorationLock speedFull tech treeHidden civsTurbo modeCheats
Victory
Defeat
🇷🇴 Lithuanians · Romania
871
+16
🇷🇴 Danes · Romania
871
+16
🇪🇸 Inca · Spain
873
-40
🇵🇱 Danes · Poland
861
-16
malolepszy.adrian
10:50 Feudal Age
12:10 Wheelbarrow
11:24 Double-Bit Axe
16:47 Horse Collar
22:01 Castle Age
20:16 Gold Mining
21:59 Forging
23:01 Hand Cart
23:19 Stone Mining
25:30 Gold Shaft Mining
25:27 Heavy Plow
26:53 Stone Shaft Mining
26:37 Bow Saw
26:55 Scale Mail Armor
27:50 Thumb Ring
29:53 Stone Shaft Mining
31:04 Pikeman
ercoba92
12:02 Feudal Age
16:45 Scale Mail Armor
16:56 Forging
17:42 Padded Archer Armor
18:48 Fletching
21:56 Champi Runner
27:47 Castle Age
28:05 Wheelbarrow
30:36 Champi Warrior
rAd1caL.^
4:30 Loom
10:29 Feudal Age
12:45 Double-Bit Axe
21:07 Castle Age
19:14 Stone Mining
20:20 Bloodlines
21:31 Gold Mining
22:56 Forging
22:10 Pikeman
26:42 Wheelbarrow
25:53 Town Watch
27:35 Bow Saw
28:56 Husbandry
29:09 Elite Skirmisher
29:37 Horse Collar
31:00 Scale Barding Armor
33:27 Fletching
34:55 Ballistics
szokeherceg
7:43 Loom
10:05 Feudal Age
20:35 Castle Age
19:15 Horse Collar
19:30 Gold Mining
19:31 Stone Mining
20:32 Forging
21:07 Double-Bit Axe
22:53 Elite Skirmisher
24:12 Fletching
24:26 Scale Mail Armor
28:15 Padded Archer Armor
29:11 Iron Casting
29:25 Heavy Plow
29:51 Arson
30:09 Squires
29:56 Gambesons
36:13 Chain Mail Armor
35:57 Bodkin Arrow
36:18 Leather Archer Armor
Connection lost

Rejoining the realm…

Still unreachable

The connection could not be restored.

Session expired

The server has moved on; the page needs a fresh start.